 Dungeon Sprint DCSS version 0.17.1-3-g152610e (webtiles) character file.

750 hexophile the Severer (level 7, -2/57 HPs)
             Began as a Minotaur Fighter on Apr 20, 2016.
             Slain by a boulder beetle (14 damage)
             ... in the Dungeon (Sprint II: "The Violet Keep of Menkaure").
             The game lasted 00:00:53 (54 turns).

hexophile the Severer (Minotaur Fighter)              Turns: 54, Time: 00:00:53

Health: -2/57      AC:  6    Str: 28    XL:     7   Next: 48%
Magic:  6/6        EV:  7    Int:  5    God:
Gold:   0          SH: 10    Dex:  9    Spells: 0 memorised, 6 levels left

rFire  . . .     SeeInvis .     a - +0 war axe
rCold  . . .     Clarity  .     b - +0 scale mail
rNeg   . . .     SustAt   .     c - +0 shield
rPois  .         Gourm    .     (helmet restricted)
rElec  .         Spirit   .     (no cloak)
rCorr  .         Warding  .     (no gloves)
rMut   .         NoTele   +     (no boots)
MR     .....                    (no amulet)
Stlth  ..........               (no ring)
                                (no ring)

@: mighty, very slightly contaminated, hasted, very quick, not resistant to
hostile enchantments, extremely unstealthy
A: retaliatory headbutt, horns 2
a: no special abilities


You were in the Dungeon.
You were not hungry.

You visited 1 branch


Innate Abilities, Weirdness & Mutations

You reflexively headbutt those who attack you in melee.
You have a pair of horns on your head.

Inventory:

Hand Weapons
 a - a +0 war axe (weapon)
Armour
 b - a +0 scale mail (worn)
 c - a +0 shield (worn)
Scrolls
 k - a scroll of blinking
Potions
 i - 2 potions of magic
 j - a potion of berserk rage
Comestibles
 r - a bread ration


You had 6 spell levels left.
You didn't know any spells.


   Skills:
 - Level 3.6 Fighting
 + Level 18.1 Axes
 - Level 3.6 Armour
 - Level 3.6 Shields

Dungeon Overview and Level Annotations

Branches:
Dungeon (1/1)

Altars:

Vault maps used:
D:        the_violet_keep_of_menkaure
You       could see a boulder beetle.


Message History

That item cannot be evoked!
You slash the worm!
You kill the worm!
You slash the worm! You headbutt the worm.
You kill the worm!
There is a staircase leading out of the dungeon here.
You open the door.
The boulder beetle twitches its antennae in your direction. x2
Drink which item? (? for menu, Esc to quit)
Okay, then.
Drink which item? (? for menu, Esc to quit)
You feel yourself speed up.
You are very lightly contaminated with residual magic.
Your shield prevents you from hitting the boulder beetle.
You headbutt the boulder beetle!
The boulder beetle is lightly wounded.
You slash the boulder beetle!
Your headbutt misses the boulder beetle.
The boulder beetle is moderately wounded.
You hit the boulder beetle but do no damage.
The boulder beetle is moderately wounded.
The boulder beetle barely misses you.
You hit the boulder beetle but do no damage.
The boulder beetle is moderately wounded.
You hit the boulder beetle but do no damage.
You headbutt the boulder beetle!
The boulder beetle is heavily wounded.
The boulder beetle curls into a ball and starts rolling!
The boulder beetle smashes into the boulder beetle!
The boulder beetle stops rolling.
You hit the boulder beetle.
The boulder beetle is almost dead.
You hit the boulder beetle.
The boulder beetle is almost dead.
The boulder beetle bites you.
* * * LOW HITPOINT WARNING * * *
You lost 6 HP.
You have now: 11/57 HP.
You slash the boulder beetle!
You kill the boulder beetle!
Your Axes skill increases to level 18!
Unknown command.
There is a staircase leading out of the dungeon here.
You hit the boulder beetle.
The boulder beetle is lightly wounded.
You hit the boulder beetle. You headbutt the boulder beetle!
The boulder beetle is moderately wounded.
You hit the boulder beetle.
The boulder beetle is moderately wounded.
The boulder beetle bites you!
You die...

Action                   |  1- 3 |  4- 6 |  7- 9 || total
-------------------------+-------+-------+-------++-------
Melee: War axe           |     7 |     5 |    14 ||    26
  Use: Potion            |     2 |     1 |     1 ||     4

Notes
Turn   | Place    | Note
--------------------------------------------------------------
     0 | D        | hexophile the Minotaur Fighter began the quest for the Orb.
     0 | D        | Reached XP level 1. HP: 19/19 MP: 0/0
     1 | D        | Noticed a siren
    11 | D        | Killed a siren
    11 | D        | Reached skill level 15 in Axes
    11 | D        | Reached XP level 2. HP: 9/26 MP: 1/1
    11 | D        | Reached XP level 3. HP: 10/31 MP: 2/2
    11 | D        | Reached XP level 4. HP: 12/39 MP: 3/3
    11 | D        | Reached XP level 5. HP: 13/45 MP: 4/4
    11 | D        | Reached XP level 6. HP: 14/51 MP: 5/5
    15 | D        | Noticed a boulder beetle
    15 | D        | Noticed a boulder beetle
    19 | D        | Noticed a hippogriff
    19 | D        | Noticed a hippogriff
    25 | D        | Killed a hippogriff
    25 | D        | Reached skill level 16 in Axes
    27 | D        | Killed a hippogriff
    27 | D        | Reached skill level 17 in Axes
    27 | D        | Reached XP level 7. HP: 21/57 MP: 6/6
    47 | D        | Killed a boulder beetle
    47 | D        | Reached skill level 18 in Axes
    54 | D        | Slain by a boulder beetle

Table legend:
 A = Turns spent in this place as a percentage of turns spent in the entire game.
 B = Non-inter-level travel turns spent in this place as a percentage of non-inter-level travel turns spent in the entire game.
 C = Inter-level travel turns spent in this place as a percentage of turns spent in this place.
 D = Turns resting spent in this place as a percentage of non-inter-level travel turns spent in this place.
 E = Turns spent auto-exploring this place as a percentage of non-inter-level travel turns spent in this place.
 F = Non-inter-level travel turns spent in this place divided by the number of levels of this place that you've seen.
                   A       B       C       D       E      F
               +-------+-------+-------+-------+-------+----------------------
         Total | 100.0 | 100.0 |   0.0 |   0.0 |   0.0 |  73.0
       Dungeon | 100.0 | 100.0 |   0.0 |   0.0 |   0.0 |  73.0
               +-------+-------+-------+-------+-------+----------------------

Table legend:
 A = Kills in this place as a percentage of kills in entire the game.
 B = Kills by you in this place as a percentage of kills by you in the entire game.
 C = Kills by friends in this place as a percentage of kills by friends in the entire game.
 D = Other kills in this place as a percentage of other kills in the entire game.
 E = Experience gained in this place as a percentage of experience gained in the entire game.
 F = Experience gained in this place divided by the number of levels of this place that you have seen.
                   A       B       C       D       E      F
               +-------+-------+-------+-------+-------+----------------------
         Total | 100.0 | 100.0 |  -nan |  -nan | 100.0 | 1072.0
       Dungeon | 100.0 | 100.0 |  -nan |  -nan | 100.0 | 1072.0
               +-------+-------+-------+-------+-------+----------------------

Vanquished Creatures
  A siren (D)
  A boulder beetle (D)
  2 hippogriffs (D)
  3 worms (D)
7 creatures vanquished.
